 Dungeon Crawl Stone Soup version 0.29-a0-352-g0917bc69df (webtiles) character file.

Game seed: 7807555867153140375

641 Shayle the Ducker (level 7, 0/66 HPs)
             Began as a Tengu Brigand on Apr 24, 2022.
             Slain by Pikel
             ... wielding a +2 whip of flaming
              (2 damage)
             ... on level 3 of the Dungeon.
             The game lasted 00:11:34 (4164 turns).

Shayle the Ducker (Tengu Brigand)                   Turns: 4164, Time: 00:11:35

Health: 0/66       AC: 23    Str: 10 (11) XL:     7   Next: 51%
Magic:  13/13      EV:  2    Int: 11 (13) God:
Gold:   139        SH:  5    Dex: 15 (16) Spells: 7/13 levels left

rFire   . . .      SeeInvis .   a - +2 dagger
rCold   . . .      Faith    .   (no shield)
rNeg    . . .      Spirit   .   (body armour currently unavailable)
rPois   +          Reflect  +   (helmet currently unavailable)
rElec   .          Harm     .   (cloak currently unavailable)
rCorr   .          Rampage  .   (gloves currently unavailable)
Will    .....      NoTele   +   (boots unavailable)
Stlth   +++.......              s - amulet of reflection
HPRegen 0.21/turn               (no ring)
MPRegen 0.13/turn               (no ring)

@: tree-form
A: stationary, stasis, torment immunity, boosted hp, (beak), (talons 3), nimble
flight
a: no special abilities


You were on level 3 of the Dungeon.
You were a tree.
You visited 1 branch of the dungeon, and saw 4 of its levels.

You collected 139 gold pieces.

Inventory:

Hand Weapons
 a - a +2 dagger (weapon)
 t - a +1 flail of draining
Missiles
 d - 18 poisoned darts (quivered)
Armour
 b - a +0 robe
 c - a +1 cloak (melded)
 k - a +0 ring mail (melded)
Jewellery
 s - an amulet of reflection (around neck)
Scrolls
 f - 2 scrolls of torment {unknown}
 m - 2 scrolls of vulnerability {unknown}
 n - a scroll of fear {unknown}
 r - 2 scrolls of enchant weapon {unknown}
 u - 2 scrolls of teleportation
Potions
 j - a potion of haste
 p - a potion of attraction
 q - a potion of brilliance


   Skills:
 + Level 4.7 Fighting
 - Level 2.1 Short Blades
 - Level 2.0 Throwing
 + Level 4.8 Dodging
 - Level 4.0 Stealth
 + Level 3.8 Spellcasting
 + Level 0.8 Conjurations
 + Level 1.0 Air Magic
 + Level 0.7 Poison Magic


You had 7 spell levels left.
You knew the following spells:

 Your Spells              Type           Power      Damage    Failure   Level
a - Mephitic Cloud        Conj/Pois/Air  4%         N/A       45%         3
b - Ignite Poison         Fire/Tmut/Pois 2%         N/A       54%         3

Your spell library contained the following spells:

 Spells                   Type           Power      Damage    Failure   Level
 Dazzling Flash           Conj/Hex       6%         N/A       52%         3
 Summon Ice Beast         Ice/Summ       2%         N/A       94%         4
 Freezing Cloud           Conj/Ice/Air   1%         6-21      99%         5
 Silence                  Hex/Air        1%         N/A       99%         5
 Agony                    Necr           2%         N/A       100%        5
 Summon Mana Viper        Hex/Summ       2%         N/A       100%        5
 Monstrous Menagerie      Summ           1%         N/A       100%        7


Dungeon Overview and Level Annotations

Branches:
Dungeon (4/15)
 Temple: D:4-7

Altars:
Elyvilon
Qazlal
Trog

Annotations:
D:3 Pikel


Innate Abilities, Weirdness & Mutations

You are a tree.
Your roots penetrate the ground, keeping you stationary.
You cannot be teleported.
You are immune to unholy pain and torment.
Your maximum health is greatly increased.
Your equipment is partially melded.
((You have a beak for a mouth.))
((You have claws for feet.))
Your magical nature lets you fly swiftly and evasively.


Message History

* * * LOW HITPOINT WARNING * * *
Pikel burns you.
* * * LOW HITPOINT WARNING * * *
You barely miss Pikel.
Pikel is moderately wounded.
Pikel hits you but does no damage.
You feel better.
Pikel hits you with a +2 whip of flaming.
* * * LOW HITPOINT WARNING * * *
Pikel burns you.
* * * LOW HITPOINT WARNING * * *
You aren't carrying any items that you can evoke.
Unknown command.
Throw: 19 darts (poison)
Press: ? - help, Q - select action, (/) - cycle Shift-Dir - straight line, f - Pikel
Aim: Pikel, wielding a +2 whip of flaming and wearing a +2 robe (moderately wounded, 55% to hit)
You throw a poisoned dart.
The poisoned dart completely misses Pikel.
Pikel hits you with a +2 whip of flaming.
* * * LOW HITPOINT WARNING * * *
Pikel burns you.
* * * LOW HITPOINT WARNING * * *
You hit Pikel but do no damage.
Pikel is moderately wounded.
Pikel hits you but does no damage.
You completely miss Pikel.
Pikel is moderately wounded.
Pikel completely misses you.
You hit Pikel but do no damage.
Pikel is moderately wounded.
You barely miss Pikel.
Pikel is moderately wounded.
Pikel barely misses you.
Okay, then.
You barely miss Pikel.
Pikel is moderately wounded.
Pikel hits you with a +2 whip of flaming.
* * * LOW HITPOINT WARNING * * *
Pikel burns you.
You die...

##### #.........
#...# #.........
#...# #.........
#...########.......
#...'..............
#...##.#####.......
#....#.# #.......
#....#.#####.......
#K♣................
##....#.#####.......
#.......# ###.###.
#.....#########.# #.
##.....#.........# #.
#..........#...### #.
#..........#...# #.
#..........#...# #.
##.#########...#####.


You could see Pikel.

Vanquished Creatures
  2 black bears (D:4)
  A lemure (D:3)
  A phantom (D:4)
  A vampire bat (D:3)
  An orc priest (D:3)
  An orc wizard (D:3)
  10 adders
  A white imp (D:3)
  5 worms
  6 dart slugs
  3 fire bats (D:3)
  4 orcs (D:3)
  2 spectral bats (D:3)
  A bat simulacrum (D:3)
  3 bat skeletons (D:3)
  9 endoplasms
  4 giant cockroaches
  6 goblins
  11 hobgoblins
  5 jackals (D:2)
  3 quokkas
  9 ball pythons
  10 bats (D:3)
  2 frilled lizards
  5 kobolds
  5 rats
111 creatures vanquished.

Vanquished Creatures (others)
  A bat zombie (D:3)
1 creature vanquished.

Grand Total: 112 creatures vanquished

Notes
Turn   | Place    | Note
-------+----------+-------------------------------------------
     0 | D:1      | Shayle the Tengu Brigand began the quest for the Orb.
     0 | D:1      | Reached XP level 1. HP: 12/12 MP: 2/2
   157 | D:1      | Reached XP level 2. HP: 1/17 MP: 2/4
   582 | D:1      | Found a faded altar of an unknown god.
   677 | D:1      | Reached skill level 1 in Spellcasting
   822 | D:1      | Reached XP level 3. HP: 16/22 MP: 5/5
  1285 | D:2      | You fall into a shaft and drop 1 floor!
  1353 | D:3      | Reached XP level 4. HP: 22/27 MP: 7/7
  1620 | D:3      | Gained mutation: Your magical nature lets you fly swiftly
                  | and evasively. [Tengu growth]
  1620 | D:3      | Reached XP level 5. HP: 32/32 MP: 9/9
  2586 | D:3      | Reached XP level 6. HP: 37/38 MP: 11/11
  2826 | D:3      | Found a white marble altar of Elyvilon.
  3378 | D:4      | Noticed a black bear
  3379 | D:4      | Killed a black bear
  3380 | D:4      | Reached XP level 7. HP: 43/44 MP: 11/13
  3409 | D:4      | Found a stormy altar of Qazlal.
  3409 | D:4      | Found a bloodstained altar of Trog.
  3645 | D:4      | Noticed Pikel
  3670 | D:3      | Learned a level 3 spell: Mephitic Cloud
  3674 | D:3      | Learned a level 3 spell: Ignite Poison
  3903 | D:4      | Reached skill level 1 in Air Magic
  4164 | D:3      | HP: 2/66 [Pikel/+2 whip of flaming (4)]
  4164 | D:3      | Slain by Pikel

Illustrated notes

Levels and vault maps discovered:
D:1:      dpeg_arrival_three_same_balls, layout_basic,
          chequers_ecumenical_altar_simple, minmay_tall_x
D:2:      layout_loops_corners, minmay_cut_off
D:3:      layout_basic, lemuel_doored_altar, minivault_4, minivault_5,
          goddamned_bats
D:4:      layout_loops_cross, mainiacjoe_overflow_large_starburst,
          minmay_checkerbox, uniq_pikel

Skill      XL: |  1  2  3  4  5  6  7 |
---------------+----------------------+-----
Spellcasting   | 1 2 3 |  3.8
Dodging        | 2 3 4 |  4.8
Fighting       | 3 4 |  4.7
Air Magic      | 1 |  1.0
Short Blades   | |  2.1
Throwing       | |  2.0
Stealth        | |  4.0
Conjurations   | |  0.8
Poison Magic   | |  0.7

Action                   |  1- 3 |  4- 6 |  7- 9 || total
-------------------------+-------+-------+-------++-------
Melee: Dagger            |    56 |   175 |    69 ||   300
       Kick              |    12 |    50 |    24 ||    86
       Peck              |     9 |    30 |    13 ||    52
       Punch             |       |     2 |       ||     2
Throw: Dart              |     4 |     1 |    10 ||    15
  Use: Scroll            |     2 |     1 |     5 ||     8
       Potion            |       |       |     5 ||     5
 Stab: Sleeping          |     9 |     8 |       ||    17
Armor: Robe              |     3 |       |       ||     3
       Ring mail         |    10 |    68 |    14 ||    92
       Skin              |       |       |     3 ||     3
Dodge: Dodged            |    19 |   159 |    26 ||   204
Block: Other             |       |     8 |     8 ||    16

Table legend: (Time is in decaauts)
 A = Elapsed time spent in this place.
 B = Non-inter-level travel time spent in this place.
 C = Inter-level travel time spent in this place.
 D = Time resting spent in this place.
 E = Time spent auto-exploring this place.
 F = Levels seen in this place.
 G = Mean time per level.
                   A        B        C        D        E       F      G
               +--------+--------+--------+--------+--------+-----+--------+
         Total |   3947 |   3872 |     75 |    363 |   2517 |   4 |  986.8 |
       Dungeon |   3947 |   3872 |     75 |    363 |   2517 |   4 |  986.8 |
               +--------+--------+--------+--------+--------+-----+--------+

Top non-repeatable levels by time:
     D:3: 1375 daAuts
     D:1: 1091 daAuts
     D:2: 878 daAuts
     D:4: 601 daAuts
